 Dungeon Crawl Stone Soup version 0.29-a0-284-gf9362112df (webtiles) character file.

Game seed: 10885380058040508468

298 jlumianski the Skirmisher (level 6, 0/48 HPs)
             Began as a Demonspawn Fighter on Mar 21, 2022.
             Slain by an iguana (5 damage)
             ... on level 3 of the Dungeon.
             The game lasted 00:05:46 (1448 turns).

jlumianski the Skirmisher (Demonspawn Fighter)      Turns: 1448, Time: 00:05:47

Health: 0/48       AC: 11    Str: 19    XL:     6   Next: 13%
Magic:  0/6        EV:  8    Int:  9    God:
Gold:   53         SH:  5    Dex: 14    Spells: 5/5 levels left

rFire   + . .      SeeInvis .   a - +0 war axe
rCold   + . .      Faith    .   c - +0 buckler
rNeg    . . .      Spirit   +   g - +0 chain mail
rPois   +          Reflect  .   e - +1 hat
rElec   +          Harm     .   (no cloak)
rCorr   +          Rampage  .   (no gloves)
Will    .....      Clarity  +   (no boots)
Stlth   ..........              (no amulet)
HPRegen 0.16/turn               (no ring)
MPRegen 0.20/turn               (no ring)

@: resistant (expiring)
A: powered by death 1, magic shield, magic regeneration, sturdy frame 1, agile
1, clarity, shaggy fur 1
a: no special abilities


You were on level 3 of the Dungeon.
You visited 1 branch of the dungeon, and saw 6 of its levels.

You collected 53 gold pieces.

Inventory:

Hand Weapons
 a - a +0 war axe (weapon)
 d - a +0 mace of protection
Missiles
 j - 2 poisoned darts (quivered)
Armour
 b - a +0 scale mail
 c - a +0 buckler (worn)
 e - a +1 hat (worn)
 g - a +0 chain mail (worn)
 o - a +0 chain mail
Scrolls
 f - a scroll of identify {unknown}
 i - a scroll of summoning {unknown}
 m - a scroll of torment {unknown}
 n - a scroll of teleportation {unknown}


   Skills:
 + Level 4.2 Fighting
 + Level 3.9 Axes
 + Level 0.1 Throwing
 + Level 3.9 Armour
 + Level 0.1 Dodging
 + Level 3.2 Shields


You had 5 spell levels left.
You didn't know any spells.
Your spell library contained the following spells:

 Spells                   Type           Power      Damage    Failure   Level
 Sandblast                Erth           0%         2d4       97%         1
 Passwall                 Tmut/Erth      0%         N/A       99%         2
 Stone Arrow              Conj/Erth      0%         3d7       100%        3


Dungeon Overview and Level Annotations

Branches:
Dungeon (6/15)
 Temple: D:4-7

Altars:

Annotations:
D:3 Blork the orc
D:6 Eustachio


Innate Abilities, Weirdness & Mutations

You regenerate a little health from kills.
When hurt, damage is shared between your health and your magic reserves.
You regenerate magic rapidly.
Your movements are slightly less encumbered by armour. (ER -2)
You are agile. (Dex +2)
You possess an exceptional clarity of mind.
You are covered in fur. (AC +1)


Message History

Blork the orc attacks as you move away! Blork the orc closely misses you.
The iguana closely misses you.
Blork the orc hits you but does no damage.
An orc comes into view. It is wielding a +0 short sword.
The orc shouts!
An orc comes into view. It is wielding a +0 club.
The iguana bites you.
* * * LOW HITPOINT WARNING * * *
The iguana attacks as you move away! The iguana bites you.
* * * LOW HITPOINT WARNING * * *
Blork the orc casts a spell at you. The puff of frost hits you. You resist.
* * * LOW HITPOINT WARNING * * *
Blork the orc closely misses you. The iguana attacks as you move away!
You block the iguana's attack. Blork the orc attacks as you move away!
You block Blork the orc's attack.
There is a stone staircase leading up here.
You block Blork the orc's attack. The iguana closely misses you.
Blork the orc casts a spell at you. You block the puff of frost.
You climb upwards.
There is a stone staircase leading down here.
Found a potion of curing.
Blork the orc completely misses you. Blork the orc attacks as you move away!
You block Blork the orc's attack.
Blork the orc points at you and mumbles some strange words.
The magic dart hits you but does no damage.
Blork the orc attacks as you move away!
Blork the orc hits you but does no damage.
Blork the orc gestures at you while chanting.
The puff of frost hits you but does no damage.
You block Blork the orc's attack.
Blork the orc hits you with a +0 hand axe.
* * * LOW HITPOINT WARNING * * *
You start to feel less resistant.
Blork the orc points at you and mumbles some strange words.
The puff of frost hits you. You resist.
* * * LOW HITPOINT WARNING * * *
There is a stone staircase leading up here.
The iguana bites you!
You die...

.##.........#.#..
..
#...........##..
.## #..<......###
...##.........#
#..........>.#
#............#
##...........#
#.....o......#
.#@#........#
#.l...........
###...###..##.#
..........# .
#...!........
#.............
#.............
#..........
#..........


You could see Blork the orc (fast) and an iguana.

Vanquished Creatures
  A howler monkey (D:5)
  2 orc priests (D:5)
  A hound (D:5)
  Jessica (D:3)
  An iguana (D:5)
  An orc wizard (D:4)
  2 adders (D:5)
  4 gnolls (D:5)
  A shadow imp (D:5)
  3 orcs (D:5)
  A bat (D:1)
  3 hobgoblins
  6 jackals (D:5)
  A quokka (D:5)
  2 ball pythons
  A frilled lizard (D:2)
  A kobold (D:3)
32 creatures vanquished.

Notes
Turn   | Place    | Note
-------+----------+-------------------------------------------
     0 | D:1      | jlumianski the Demonspawn Fighter began the quest for the
                  | Orb.
     0 | D:1      | Reached XP level 1. HP: 18/18 MP: 1/1
   174 | D:3      | Noticed Jessica
   186 | D:3      | Killed Jessica
   187 | D:3      | Gained mutation: You regenerate a little health from kills.
                  | [demonic ancestry]
   187 | D:3      | Reached XP level 2. HP: 4/24 MP: 2/2
   187 | D:3      | Gained mutation: You regenerate magic rapidly. [demonic
                  | ancestry]
   187 | D:3      | Reached XP level 3. HP: 5/29 MP: 3/3
   491 | D:5      | Entered Level 5 of the Dungeon
   503 | D:5      | Reached XP level 4. HP: 36/36 MP: 4/4
   780 | D:5      | Gained mutation: When hurt, damage is shared between your
                  | health and your magic reserves. [demonic ancestry]
   780 | D:5      | Reached XP level 5. HP: 28/42 MP: 5/5
  1161 | D:5      | Reached skill level 4 in Fighting
  1272 | D:5      | Gained mutation: Your movements are slightly less
                  | encumbered by armour. (ER -2) [demonic ancestry]
  1272 | D:5      | Reached XP level 6. HP: 37/48 MP: 4/6
  1343 | D:6      | Noticed Blork the orc
  1354 | D:6      | Noticed Eustachio
  1371 | D:5      | Gained mutation: You are agile. (Dex +2) [potion of
                  | mutation]
  1371 | D:5      | Gained mutation: You are covered in fur. (AC +1) [potion of
                  | mutation]
  1371 | D:5      | Gained mutation: You possess an exceptional clarity of
                  | mind. [potion of mutation]
  1448 | D:3      | Slain by an iguana

Illustrated notes

Levels and vault maps discovered:
D:1:      saegor_arrival_simple_d, layout_basic, minmay_tromino_mix6
D:2:      layout_loops_cross, hellmonk_ecumenical_altar_run_dry, serial_shops,
          nicolae_shop_stone, nicolae_figureground_pulse
D:3:      layout_rooms, uniq_jessica
D:4:      layout_cave_pools, temple_fountains, serial_shops, shop, uniq_edmund,
          uniq_sigmund, uniq_ijyb
D:5:      layout_cave_pods, nicolae_shop_self_help
D:6:      cheibrodos_quashed, layout_loops_ring, serial_glass, glass_columns_b,
          glass_columns_a, minmay_fountain_box, uniq_blork_the_orc, uniq_pikel,
          uniq_eustachio

Skill      XL: |  1  2  3  4  5 |
---------------+----------------+-----
Axes           | 2 3 |  3.9
Armour         | 3 |  3.9
Shields        | 3 |  3.2
Fighting       | 4 |  4.2
Throwing       | |  0.1
Dodging        | |  0.1

Action                   |  1- 3 |  4- 6 || total
-------------------------+-------+-------++-------
Melee: War axe           |    31 |    79 ||   110
Throw: Dart              |       |     6 ||     6
  Use: Potion            |       |     4 ||     4
Armor: Scale mail        |    12 |       ||    12
       Chain mail        |    21 |    71 ||    92
Dodge: Dodged            |    13 |    54 ||    67
Block: Buckler           |    11 |    37 ||    48

Table legend: (Time is in decaauts)
 A = Elapsed time spent in this place.
 B = Non-inter-level travel time spent in this place.
 C = Inter-level travel time spent in this place.
 D = Time resting spent in this place.
 E = Time spent auto-exploring this place.
 F = Levels seen in this place.
 G = Mean time per level.
                   A        B        C        D        E       F      G
               +--------+--------+--------+--------+--------+-----+--------+
         Total |   1494 |   1494 |      0 |    424 |    476 |   6 |  249.0 |
       Dungeon |   1494 |   1494 |      0 |    424 |    476 |   6 |  249.0 |
               +--------+--------+--------+--------+--------+-----+--------+

Top non-repeatable levels by time:
     D:5: 955 daAuts
     D:2: 298 daAuts
     D:3: 97 daAuts
     D:1: 97 daAuts
     D:4: 26 daAuts
     D:6: 18 daAuts
